Map: Cyber Forest LE

Players

pHARM

  • Race: Zerg Zerg
  • League: Platinum
  • Spawn Location: 11:00

icecaloric - Winner!

  • Race: Terran Terran
  • League: Platinum
  • Spawn Location: 5:00

VOD

Have the link to the VOD?

Description

Time

  • Played on: Aug. 8, 2019, 12:56 a.m.
  • Length: 17:35
Show
View Real Time Build Order
Export as new Build Order

pHARM Zerg 

Build Orders: Hatch First, Brood Lord Corruptor 

Get SALT Encoding   

  12  0:01  Drone  
  13  0:13  Overlord  
  13  0:18  Drone  
  14  0:31  Drone x2  
  16  0:40  Drone  
  17  0:55  Hatchery  
  16  1:02  Drone x2  
  18  1:17  Spawning Pool  
  18  1:18  Drone  
  18  1:20  Drone  
  19  1:29  Drone  
  20  1:39  Extractor  
  19  1:41  Drone  
  20  1:52  Overlord  
  20  2:08  Queen x2  
  24  2:14  Drone x3  
  27  2:17  Overlord  
  27  2:30  Drone x2  
  27  2:36  Drone  
  30  2:46  Queen  
  30  2:50  Lair  
  32  2:51  Drone  
  32  2:52  Drone x2  
  35  2:59  Evolution Chamber  
  34  3:06  Drone x3  
  34  3:11  Overlord  
  37  3:26  Roach Warren  
  36  3:34  Drone, Roach Warren  
  36  3:35  Drone x6  
  36  3:39  Extractor x2  
  40  4:05  Zerg Melee Weapons Level 1  
  40  4:08  Glial Reconstitution  
  40  4:14  Drone  
  40  4:15  Drone x4  
  40  4:16  Drone x3  
  48  4:18  Roach x2  
  48  4:22  Overlord x2  
  52  4:32  Overseer  
  52  4:35  Pneumatized Carapace  
  51  4:50  Roach x5  
  51  4:51  Roach x3  
  67  5:04  Drone  
  68  5:07  Overlord x2  
  68  5:20  Hatchery  
  67  5:24  Spore Crawler  
  67  5:27  Spore Crawler  
  65  5:30  Drone  
  65  5:31  Drone  
  65  5:32  Spore Crawler  
  65  5:35  Drone  
  67  5:49  Drone  
  67  5:57  Roach x3  
  67  5:58  Roach x2  
  77  6:14  Hydralisk Den  
  76  6:21  Roach x4  
  76  6:23  Overlord x3  
  84  6:39  Overlord x2  
  84  6:40  Roach x3  
  84  6:44  Grooved Spines  
  90  6:55  Zerg Melee Weapons Level 2  
  90  7:09  Drone x11  
  90  7:10  Drone x3  
  104  7:21  Extractor  
  103  7:26  Infestation Pit  
  102  7:44  Drone  
  102  7:45  Drone x15  
  102  7:47  Extractor  
  102  7:48  Extractor  
  102  7:50  Spine Crawler  
  115  7:52  Spine Crawler  
  115  7:53  Spine Crawler  
  69  8:28  Spore Crawler  
  68  8:42  Roach x13  
  68  8:43  Roach x4  
  102  8:52  Spire  
  102  8:54  Hive  
  101  8:56  Drone  
  101  8:57  Hatchery  
  101  9:02  Hydralisk  
  101  9:03  Hydralisk x5  
  101  9:06  Drone  
  114  9:26  Overlord x3  
  114  9:27  Overlord x2  
  114  9:34  Muscular Augments  
  114  9:43  Overlord x2  
  114  9:58  Drone  
  115  10:01  Drone  
  115  10:02  Drone x10  
  115  10:06  Greater Spire  
  126  10:11  Overlord x2  
  126  10:13  Hydralisk x2  
  126  10:14  Hydralisk, Roach x3  
  134  10:15  Hatchery  
  137  10:29  Drone x5  
  137  10:31  Spore Crawler  
  137  10:32  Spine Crawler  
  137  10:33  Extractor, Spine Crawler  
  137  10:34  Spine Crawler  
  137  10:46  Zerg Melee Weapons Level 3  
  137  11:00  Extractor  
  137  11:03  Corruptor x10  
  156  11:13  Overlord x2  
  156  11:15  Overlord  
  156  11:16  Overlord  
  157  11:32  Drone  
  157  11:33  Drone x3  
  157  11:34  Drone  
  161  11:41  Brood Lord x2  
  161  11:42  Brood Lord x4  
  161  11:45  Brood Lord x4  
  161  11:46  Corruptor x2  
  185  11:51  Corruptor  
  187  11:59  Corruptor  
  187  12:00  Corruptor  
  191  12:22  Corruptor x4  
  169  12:51  Corruptor x5  
  163  13:02  Corruptor x2  
  161  13:30  Corruptor x6  
  173  13:35  Drone  
  173  13:36  Drone x10  
  184  14:05  Extractor  
  184  14:07  Hatchery, Extractor  
  181  14:12  Extractor x2  
  135  14:45  Brood Lord  
  137  14:47  Brood Lord x2  
  137  14:48  Brood Lord x6  
  137  14:51  Zergling x2  
  137  14:52  Zergling x44  
  176  14:53  Adrenal Glands  
  176  15:09  Spine Crawler  
  176  15:11  Spine Crawler  
  176  15:12  Spine Crawler  
  173  15:24  Corruptor x2  
  173  15:25  Corruptor x3  
  185  15:38  Spine Crawler  
  184  15:54  Corruptor x4  
  189  15:58  Brood Lord x2  
  138  16:24  Zergling x24  
  119  16:40  Brood Lord x5  
  119  16:41  Brood Lord  
  119  16:42  Zergling x8  
  128  16:55  Spine Crawler  
  128  16:57  Spine Crawler x2  
  105  17:08  Zergling x2  
  105  17:09  Zergling x16  
Show
View Real Time Build Order
Export as new Build Order

icecaloric Terran - Winner!

Build Orders: Hellion Banshee, Mech 

Get SALT Encoding   

  12  0:00  SCV  
  13  0:15  Supply Depot  
  13  0:17  SCV  
  14  0:29  SCV  
  15  0:40  Barracks  
  15  0:41  SCV  
  16  0:46  Refinery  
  16  0:54  SCV  
  17  1:06  SCV  
  18  1:18  SCV  
  19  1:28  Marine  
  19  1:31  Orbital Command  
  20  1:47  Command Center  
  20  1:50  Barracks Reactor  
  20  2:00  SCV  
  21  2:13  Supply Depot  
  21  2:15  SCV  
  21  2:16  Factory  
  21  2:20  Refinery  
  22  2:28  SCV  
  23  2:40  SCV  
  24  2:52  SCV  
  25  3:04  Starport  
  25  3:05  Orbital Command  
  25  3:11  Hellion x2  
  29  3:16  SCV  
  30  3:28  Bunker, SCV  
  31  3:34  Hellion x2  
  31  3:36  SCV  
  31  3:37  Factory  
  36  3:45  Starport Tech Lab  
  36  3:50  SCV x2  
  38  3:56  Hellion x2  
  38  4:02  SCV  
  43  4:05  Supply Depot  
  43  4:06  Banshee  
  46  4:22  Factory  
  46  4:25  Factory Tech Lab  
  46  4:34  SCV  
  46  4:35  Command Center, Supply Depot  
  46  4:36  SCV  
  48  4:40  Hellion  
  50  4:48  Hellion  
  50  5:03  SCV  
  51  5:09  Banshee  
  51  5:11  Factory Tech Lab  
  51  5:12  Siege Tank  
  51  5:14  SCV  
  58  5:15  SCV  
  59  5:21  Refinery  
  59  5:23  Refinery  
  59  5:28  Engineering Bay  
  59  5:34  Cyclone  
  62  5:46  Siege Tank, SCV x2  
  67  6:04  Viking  
  69  6:13  SCV  
  69  6:16  Factory  
  70  6:21  Siege Tank  
  70  6:22  Orbital Command, Supply Depot  
  70  6:25  Armory  
  73  6:30  Hellion x2, Supply Depot  
  77  6:40  SCV  
  78  6:52  SCV x3  
  81  6:57  Siege Tank  
  84  7:04  SCV x3  
  87  7:10  Supply Depot  
  87  7:15  Terran Vehicle Weapons Level 1  
  87  7:16  SCV x3  
  87  7:17  Armory, Supply Depot  
  87  7:21  Siege Tank  
  93  7:23  Factory Tech Lab  
  93  7:28  Starport  
  93  7:30  SCV x3  
  93  7:33  Refinery  
  93  7:34  Siege Tank  
  93  7:36  Refinery  
  99  7:43  SCV x2  
  101  7:47  SCV  
  101  7:48  Sensor Tower  
  101  7:51  Supply Depot  
  102  7:54  Supply Depot  
  100  7:59  Thor  
  87  8:13  Siege Tank  
  87  8:22  SCV x3  
  90  8:29  Missile Turret  
  90  8:31  Missile Turret  
  90  8:32  Missile Turret  
  90  8:33  Viking  
  90  8:34  SCV  
  93  8:39  Starport Tech Lab  
  93  8:44  Thor  
  93  8:47  Fusion Core  
  93  8:48  SCV x2  
  101  8:55  Terran Vehicle And Ship Armor Level 1  
  101  8:58  Supply Depot  
  101  9:00  Siege Tank  
  104  9:03  Viking  
  106  9:12  Viking  
  108  9:18  SCV x3  
  108  9:22  Siege Tank  
  114  9:26  Terran Vehicle Weapons Level 2  
  114  9:30  SCV  
  115  9:32  Command Center  
  115  9:37  Supply Depot  
  115  9:46  SCV  
  115  9:51  Thor x2  
  128  9:56  SCV x2  
  130  10:02  Supply Depot  
  130  10:05  SCV  
  130  10:06  Hellbat  
  133  10:08  SCV  
  133  10:10  Viking x2  
  138  10:24  Siege Tank  
  141  10:30  Refinery  
  141  10:34  Siege Tank  
  141  10:35  Refinery  
  144  10:40  Battlecruiser  
  150  10:46  Supply Depot x2  
  150  10:47  Supply Depot  
  150  10:48  Planetary Fortress  
  150  11:03  SCV  
  151  11:04  Thor  
  157  11:11  Supply Depot  
  157  11:13  Terran Vehicle And Ship Armor Level 2  
  157  11:14  Siege Tank  
  157  11:15  Siege Tank  
  163  11:39  Hellbat  
  167  11:40  Hellbat  
  169  11:47  Hellbat  
  169  12:21  Thor  
  169  12:22  Thor x2  
  189  12:23  Hellbat  
  150  12:38  Viking x2  
  150  12:41  Hellbat  
  148  12:44  Hellbat  
  125  13:02  Hellbat  
  125  13:04  Thor x3  
  135  13:05  Hellbat  
  135  13:12  Viking  
  130  13:23  Hellbat  
  134  13:27  Hellbat  
  128  13:36  Viking  
  128  13:37  Factory  
  130  13:42  Viking  
  130  13:47  Thor x3  
  150  13:51  Factory  
  150  13:54  Hellbat x2  
  150  13:55  Terran Vehicle Weapons Level 3  
  154  13:58  Supply Depot  
  154  13:59  Weapon Refit  
  154  14:16  Hellbat  
  148  14:30  Siege Tank, Thor x2  
  149  14:32  Factory Tech Lab  
  149  14:34  Hellbat  
  149  14:37  Hellbat  
  153  14:49  Command Center  
  153  15:02  Viking x2, Siege Tank  
  160  15:13  Thor x2  
  172  15:16  Factory Reactor  
  172  15:18  Infernal Pre-Igniter  
  172  15:19  Smart Servos  
  172  15:22  Cyclone  
  175  15:34  Thor  
  181  15:46  Hellbat x2  
  185  15:50  Viking  
  185  15:53  Thor  
  185  15:56  Hellbat x2  
  197  16:06  Hellbat  
  187  16:13  Hellbat  
  187  16:18  Hellbat x2  
  175  16:20  Thor x2  
  183  16:27  Thor  
  183  16:32  Planetary Fortress  
  187  16:36  Missile Turret  
  187  16:45  Thor  
  193  16:49  Hellbat  
  193  16:53  Hellbat  
  191  16:57  Hellbat  
  191  16:58  Hellbat  
  189  17:04  Hellbat  
  186  17:14  Command Center  
Tags
 
Add a new tag
Caveats
  • Supply blocks, unpowered buildings, or Contaminate may cause inaccurate times.
  • Supply counts are checked every 10 seconds.